 Dungeon Sprint DCSS version 0.18-b1-20-g17449fe (webtiles) character file.

6701 LORDOFBUTT the Severer (level 10, -23/104 HPs)
             Began as a Minotaur Berserker on May 3, 2016.
             Was the Champion of Trog.
             Killed from afar by a lindwurm (34 damage)
             ... with a blast of flame
             ... in the Dungeon (Sprint IX: "|||||||||||||||||||||||||||||").
             The game lasted 00:02:53 (1185 turns).

LORDOFBUTT the Severer (Minotaur Berserker)         Turns: 1185, Time: 00:02:53

Health: -23/104    AC: 10    Str: 28    XL:     10   Next: 74%
Magic:  9/9        EV: 19    Int:  4    God:    Trog [******]
Gold:   10         SH:  0    Dex: 12    Spells: 0 memorised, 9 levels left

rFire  . . .     SeeInvis .     t - +5 executioner's axe (chop)
rCold  . . .     Gourm    .     o - +2 ring mail
rNeg   . . .     Faith    .     (shield currently unavailable)
rPois  .         Spirit   .     (helmet restricted)
rElec  .         Dismiss  .     (no cloak)
rCorr  .         Reflect  .     (no gloves)
SustAt .         Harm     .     (no boots)
MR     .....     NoTele   +     (no amulet)
Stlth  +.........               n - +2 ring of evasion
                                a - +2 ring of protection

@: mighty, exhausted, not resistant to hostile enchantments, very unstealthy
A: retaliatory headbutt, horns 2
a: Berserk, Trog's Hand, Brothers in Arms, Burn Spellbooks, Renounce Religion


You were in the Dungeon.
You worshipped Trog.
Trog was exalted by your worship.
You were hungry.

You visited 1 branch You collected 10 gold pieces.

Inventory:

Hand Weapons
 t - a +5 executioner's axe of chopping (weapon)
Armour
 o - a +2 ring mail (worn)
Jewellery
 a - a +2 ring of protection (left hand)
 n - a +2 ring of evasion (right hand)
 r - an uncursed amulet of rage
Wands
 l - a wand of iceblast (7/15)
Scrolls
 i - a scroll of blinking
 k - 3 scrolls of remove curse
 p - 8 scrolls of enchant armour
 q - a scroll of recharging
Potions
 b - a potion of might
 c - a potion of agility
 d - 6 potions of curing
 e - a potion of invisibility
 f - a potion of haste
 g - 4 potions of magic
 h - 2 potions of berserk rage
 j - 2 potions of heal wounds
Comestibles
 m - 5 chunks of flesh


   Skills:
 + Level 14.8 Fighting
 * Level 20.6 Axes
 + Level 8.4 Armour
 + Level 11.5 Dodging
 + Level 3.2 Stealth


You had 9 spell levels left.
You didn't know any spells.

Dungeon Overview and Level Annotations

Branches:
Dungeon (1/1)

Altars:
Cheibriados
Dithmenos
Elyvilon
Fedhas
Gozag
Kikubaaqudgha
Makhleb
Nemelex Xobeh
Okawaru
Pakellas
Qazlal
Ru
Sif Muna
Trog
Vehumet
Xom
Yredelemnul
Zin
The Shining One
Beogh
Jiyva
Lugonu


Innate Abilities, Weirdness & Mutations

You reflexively headbutt those who attack you in melee.
You have a pair of horns on your head.


Message History

You open the worm like a pillowcase!!!
You kill the worm!
Trog accepts your kill. Something appears at your feet! Trog grants you a gift!
You slice the worm!!
You kill the worm!
Trog accepts your kill.
You slash the worm!
You kill the worm!
Trog accepts your kill. The lindwurm closely misses you.
You furiously retaliate!
You headbutt the lindwurm. The lindwurm misses you. The lindwurm claws you.
* * * LOW HITPOINT WARNING * * *
You see here a worm corpse.
You slash the lindwurm! You headbutt the lindwurm.
The lindwurm is severely wounded.
The lindwurm breathes flames at you. The blast of flame hits you!
You die...

▓▓▓▓▓▓▓▓▓▓▓▓▓▓▓▓▓▓▓▓▓▓▓▓▓▓▓▓▓
÷.........'†.)).@k..'........
▓▓▓▓▓▓▓▓▓▓▓▓▓▓▓▓▓▓▓▓▓▓▓▓▓▓▓▓▓▓▓▓▓
.................................
▓▓▓▓▓▓▓▓▓▓▓▓▓▓▓▓▓▓▓▓▓▓▓▓▓▓▓▓▓▓▓▓▓
__________________'.?|)[[[.().†..
▓▓▓▓▓▓▓▓▓▓▓▓▓▓▓▓▓▓▓▓▓▓▓▓▓▓▓▓▓▓▓▓▓


You could see a lindwurm.

Vanquished Creatures
  A centaur warrior (D)
  A death yak (D)
  3 lindwurms (D)
  An elephant (D)
  A torpor snail (D)
  A black mamba (D)
  2 komodo dragons (D)
  A giant leech (D)
  A wraith (D)
  A basilisk (D)
  A yak (D)
  A hippogriff (D)
  A water moccasin (D)
  2 porcupines (D)
  3 ice beasts (D)
  2 sky beasts (D)
  An ogre (D)
  A centaur (D)
  A giant frog (D)
  A scorpion (D)
  A howler monkey (D)
  A crimson imp (D)
  An iguana (D)
  A river rat (D)
  3 worms (D)
  An orc (D)
  2 bats (D)
  A hobgoblin (D)
  A giant cockroach zombie (D)
  2 giant newts (D)
  A rat (D)
42 creatures vanquished.

Vanquished Creatures (collateral kills)
  A hydra (D)
  A black mamba (D)
  A polar bear (D)
  A giant frog (D)
  An iguana (D)
5 creatures vanquished.

Grand Total: 47 creatures vanquished

Notes
Turn   | Place    | Note
--------------------------------------------------------------
     0 | D        | LORDOFBUTT the Minotaur Berserker began the quest for the Orb.
     0 | D        | Reached XP level 1. HP: 19/19 MP: 0/0
     5 | D        | Reached ** piety under Trog
     5 | D        | Reached skill level 4 in Axes
    18 | D        | Noticed a sky beast
    18 | D        | Noticed a crimson imp
    18 | D        | Noticed an ogre
    24 | D        | Killed a sky beast
    24 | D        | Reached *** piety under Trog
    24 | D        | Reached skill level 8 in Axes
    24 | D        | Reached XP level 2. HP: 7/31 MP: 1/1
    24 | D        | Reached XP level 3. HP: 8/38 MP: 2/2
    24 | D        | Reached XP level 4. HP: 10/45 MP: 3/3
    29 | D        | Killed an ogre
    29 | D        | Reached skill level 10 in Axes
    29 | D        | Reached XP level 5. HP: 8/53 MP: 4/4
    35 | D        | Reached **** piety under Trog
   444 | D        | Found a glowing silver altar of Zin.
   444 | D        | Found a glowing golden altar of the Shining One.
   444 | D        | Found an ancient bone altar of Kikubaaqudgha.
   444 | D        | Found a basalt altar of Yredelemnul.
   444 | D        | Found a shimmering altar of Xom.
   444 | D        | Found a radiant altar of Vehumet.
   445 | D        | Found an iron altar of Okawaru.
   446 | D        | Found a burning altar of Makhleb.
   447 | D        | Found a deep blue altar of Sif Muna.
   448 | D        | Found a bloodstained altar of Trog.
   449 | D        | Found a sparkling altar of Nemelex Xobeh.
   450 | D        | Found a white marble altar of Elyvilon.
   451 | D        | Found a roughly hewn altar of Beogh.
   452 | D        | Found a viscous altar of Jiyva.
   453 | D        | Found a corrupted altar of Lugonu.
   454 | D        | Found a blossoming altar of Fedhas.
   455 | D        | Found a snail-covered altar of Cheibriados.
   456 | D        | Found a shadowy altar of Dithmenos.
   457 | D        | Found a stormy altar of Qazlal.
   458 | D        | Found an opulent altar of Gozag.
   459 | D        | Found a sacrificial altar of Ru.
   460 | D        | Found an oddly glowing altar of Pakellas.
   517 | D        | Noticed a centaur
   517 | D        | Noticed an ice beast
   517 | D        | Noticed an ice beast
   517 | D        | Noticed a wraith
   517 | D        | Noticed a sky beast
   521 | D        | Killed a centaur
   521 | D        | Reached skill level 11 in Axes
   521 | D        | Reached skill level 5 in Dodging
   521 | D        | Reached XP level 6. HP: 63/63 MP: 5/5
   523 | D        | Killed an ice beast
   523 | D        | Reached skill level 12 in Axes
   523 | D        | Reached skill level 1 in Stealth
   526 | D        | Killed an ice beast
   526 | D        | Reached skill level 10 in Fighting
   532 | D        | Killed a wraith
   532 | D        | Reached skill level 13 in Axes
   532 | D        | Reached XP level 7. HP: 73/73 MP: 6/6
   537 | D        | Reached skill level 5 in Armour
   604 | D        | Noticed a centaur warrior
   606 | D        | Reached skill level 14 in Axes
   610 | D        | Killed a centaur warrior
   610 | D        | Reached ***** piety under Trog
   610 | D        | Reached skill level 15 in Axes
   610 | D        | Reached XP level 8. HP: 83/83 MP: 7/7
   764 | D        | Noticed a komodo dragon
   764 | D        | Noticed a komodo dragon
   764 | D        | Noticed a black mamba
   766 | D        | Noticed a six-headed hydra
   766 | D        | Reached skill level 16 in Axes
   772 | D        | Killed a komodo dragon
   772 | D        | Reached XP level 9. HP: 92/92 MP: 8/8
   774 | D        | Killed a komodo dragon
   774 | D        | Reached skill level 17 in Axes
   775 | D        | Noticed a polar bear
   786 | D        | Killed a seven-headed hydra
   786 | D        | Received a gift from Trog
   788 | D        | Killed a black mamba
   790 | D        | Killed a polar bear
  1086 | D        | Noticed a black mamba
  1086 | D        | Noticed a torpor snail
  1090 | D        | Reached skill level 18 in Axes
  1092 | D        | Noticed an elephant
  1092 | D        | Reached ****** piety under Trog
  1096 | D        | Reached skill level 10 in Dodging
  1097 | D        | Killed a black mamba
  1100 | D        | Killed a torpor snail
  1100 | D        | Reached XP level 10. HP: 103/103 MP: 9/9
  1104 | D        | Noticed a death yak
  1104 | D        | Killed an elephant
  1104 | D        | Reached skill level 19 in Axes
  1111 | D        | Killed a death yak
  1111 | D        | Received a gift from Trog
  1144 | D        | Noticed a lindwurm
  1144 | D        | Noticed a lindwurm
  1144 | D        | Noticed a lindwurm
  1147 | D        | Killed a lindwurm
  1153 | D        | Noticed a lindwurm
  1159 | D        | Reached skill level 20 in Axes
  1162 | D        | Killed a lindwurm
  1178 | D        | Killed a lindwurm
  1180 | D        | Received a gift from Trog
  1185 | D        | Killed from afar by a lindwurm

Skill      XL: |  1  2  3  4  5  6  7  8  9 10 |
---------------+-------------------------------+-----
Fighting       | 6 8 9 10 12 14 | 14.8
Axes           | 8 10 11 13 15 16 18 20 | 20.6
Armour         | 3 4 6 7 8 |  8.4
Dodging        | 3 4 5 6 8 9 10 11 | 11.5
Stealth        | 1 2 3 |  3.2

Action                   |  1- 3 |  4- 6 |  7- 9 | 10-12 || total
-------------------------+-------+-------+-------+-------++-------
Melee: Hand axe          |    13 |    15 |       |       ||    28
       Headbutt          |     2 |     5 |    12 |    11 ||    30
       Broad axe         |       |    13 |    25 |       ||    38
       Battleaxe         |       |       |    12 |     8 ||    20
       Executioner's axe |       |       |       |    25 ||    25
Invok: Berserk           |     1 |     1 |     3 |     1 ||     6
       Brothers in Arms  |       |       |     1 |       ||     1
  Use: Potion            |       |     1 |     1 |     2 ||     4
       Scroll            |       |       |     1 |       ||     1
  Eat: Bread ration      |       |       |     1 |       ||     1
       Chunk             |       |       |       |     2 ||     2
Armor: Animal skin       |     2 |       |       |       ||     2
       Ring mail         |       |     3 |     8 |     8 ||    19
Dodge: Dodged            |    10 |    16 |    27 |    32 ||    85
